 Dungeon Crawl Stone Soup version 0.28-a0-1638-g9123634e07 (webtiles) character file.

Game seed: 12616372896602066915

260 porpoise the Sneak (level 5, -1/43 HPs)
             Began as a Demonspawn Brigand on Jan 26, 2022.
             Slain by an ice beast (12 damage)
             ... on level 4 of the Dungeon.
             The game lasted 00:16:28 (4504 turns).

porpoise the Sneak (Demonspawn Brigand)             Turns: 4504, Time: 00:16:29

Health: -1/43      AC:  5    Str: 14    XL:     5   Next: 95%
Magic:  5/5        EV: 11    Int: 12    God:
Gold:   146        SH:  4    Dex: 14    Spells: 4/4 levels left

rFire   + . .      SeeInvis .   a - +7 Throatcutter {drain, coup de grace}
rCold   . . .      Faith    .   (no shield)
rNeg    . . .      Spirit   .   t - +2 robe {rF+}
rPois   .          Reflect  .   (helmet restricted)
rElec   .          Harm     .   c - +0 cloak
rCorr   .          Rampage  .   (no gloves)
Will    .....                   (no boots)
Stlth   +++.......              (no amulet)
HPRegen 0.14/turn               (no ring)
MPRegen 0.09/turn               (no ring)

@: no status effects
A: antennae 1, large bone plates 1, foul stench 1
a: no special abilities


You were on level 4 of the Dungeon.
You visited 1 branch of the dungeon, and saw 4 of its levels.

You collected 168 gold pieces.
You spent 22 gold pieces at shops.

Inventory:

Hand Weapons
 a - the +7 Throatcutter (weapon) {drain, coup de grace}
   (You took it off a hobgoblin on level 3 of the Dungeon)

   A truly terrible weapon, it drains the life of any living foe it strikes.
   It may instantly kill foes which have little health.
 b - a +0 hunting sling
Missiles
 d - 6 poisoned darts (quivered)
 e - 2 curare-tipped darts
 f - 73 stones
 o - 9 sling bullets
 r - 20 arrows
Armour
 c - a +0 cloak (worn)
 t - a +2 robe of fire resistance (worn)
Jewellery
 h - a ring of fire
Wands
 m - a wand of acid (7)
Scrolls
 g - a scroll of enchant weapon {unknown}
 i - a scroll of brand weapon {unknown}
 p - a scroll of blinking {unknown}
Potions
 j - a potion of haste
 k - 2 potions of lignification
 q - 2 potions of brilliance
 u - a potion of heal wounds {unknown}
 v - a potion of curing {unknown}


   Skills:
 * Level 4.6 Fighting
 - Level 2.0(2.3) Short Blades
 * Level 1.7(2.2) Long Blades
 - Level 2.1 Throwing
 - Level 0.8 Dodging
 + Level 4.7 Stealth


You had 4 spell levels left.
You didn't know any spells.
Your spell library was empty.

Dungeon Overview and Level Annotations

Branches:
Dungeon (4/15)
 Temple: D:4-7

Altars:

Shops:
D:3 *

Annotations:
D:3 2 transporters, hashsling's ghost, amateur DEGl


Innate Abilities, Weirdness & Mutations

You have a pair of small antennae on your head.
You are partially covered in large bone plates. (SH +4)
You may rarely emit foul miasma when damaged in melee.


Message History

The water moccasin skeleton is almost destroyed.
The water moccasin skeleton bites you.
The water moccasin skeleton bites you but does no damage.
You hit the water moccasin skeleton.
You destroy the water moccasin skeleton!
Unknown command.
HP restored.
g - a scroll labelled OFOJIBREAZO
i - a scroll labelled IWKIQ XIRPHYEVEBAVE
Found a dagger.
You see here a +0 dagger.
Found a falchion.
Found a stone staircase leading down.
There is a stone staircase leading down here.
Found an escape hatch in the floor.
There is an escape hatch in the floor here.
An iguana comes into view.
You strike the helpless iguana from behind!
You slash the iguana!
The iguana is almost dead.
The iguana bites you. x2; You emit a cloud of foul miasma!
You hit the iguana but do no damage.
You put the iguana out of its misery!
You kill the iguana!
f - 71 stones (gained 1)
f - 73 stones (gained 2)
You sense a monster nearby.
An ice beast comes into view.
Found a book of Annihilations.
You hit the ice beast.
The ice beast is lightly wounded.
The ice beast hits you. The ice beast freezes you!
You hit the ice beast.
The ice beast is moderately wounded.
The ice beast hits you. The ice beast freezes you!
You barely miss the ice beast.
The ice beast is moderately wounded.
The ice beast hits you. The ice beast freezes you. The ice beast hits you.
* * * LOW HITPOINT WARNING * * *
The ice beast freezes you!
You die...

###...............,,,,,,,,,*
###.##.#################,*
###...##.................#,*
.....###################.#,*
###...#.........########.#,*
**##.....................#,*
..........#............###,*
#####...#.#.#########.##,,,*
# #.......#...@Y..#.#*,*** #
#..##.###.#.#.#.#.#*<* #
#..##.# *,#.#:#,#.#*,* #
#..##.# *,#.#.#,#.#*,* #
#..#*.#**,#.#.#,#.#*,* #
*,,,,,,,,,#.#.#,#.#*,* #
*,***,,,,,#.#.#,#.#*,* # *,*
*,***,#.#.#,#.#*,* *,*****
*,#.#,*,#.#*,*


You could see an ice beast.

Vanquished Creatures
  A water moccasin skeleton (D:4)
  A hound (D:3)
  Jessica (D:3)
  2 iguanas
  2 adders
  A worm (D:2)
  6 dart slugs
  7 endoplasms
  A giant cockroach (D:2)
  8 goblins
  7 hobgoblins
  10 jackals
  2 quokkas (D:1)
  8 ball pythons
  4 bats
  5 frilled lizards
  4 kobolds
  6 rats
76 creatures vanquished.

Vanquished Creatures (others)
  A hobgoblin (D:1)
1 creature vanquished.

Grand Total: 77 creatures vanquished

Notes
Turn   | Place    | Note
-------+----------+-------------------------------------------
     0 | D:1      | porpoise the Demonspawn Brigand began the quest for the
                  | Orb.
     0 | D:1      | Reached XP level 1. HP: 16/16 MP: 1/1
   271 | D:1      | Gained mutation: You are partially covered in large bone
                  | plates. (SH +4) [demonic ancestry]
   271 | D:1      | Reached XP level 2. HP: 23/23 MP: 2/2
  1088 | D:1      | Gained mutation: You have a pair of small antennae on your
                  | head. [demonic ancestry]
  1088 | D:1      | Reached XP level 3. HP: 28/28 MP: 3/3
  2318 | D:2      | Reached XP level 4. HP: 29/35 MP: 4/4
  2626 | D:3      | Noticed hashsling's ghost (amateur DEGl)
  2627 | D:3      | Found a transporter.
  2817 | D:3      | Found a transporter.
  2928 | D:3      | Noticed Jessica
  2930 | D:3      | Killed Jessica
  2931 | D:3      | Gained mutation: You may rarely emit foul miasma when
                  | damaged in melee. [demonic ancestry]
  2931 | D:3      | Reached XP level 5. HP: 38/42 MP: 5/5
  3026 | D:3      | Found a faded altar of an unknown god.
  3072 | D:3      | Reached skill level 1 in Long Blades
  3276 | D:3      | Found Buckosao's General Store.
  3414 | D:3      | Bought a scroll of identify for 22 gold pieces
  4500 | D:4      | Noticed an ice beast
  4504 | D:4      | Slain by an ice beast

Illustrated notes

Levels and vault maps discovered:
D:1:      dpeg_arrival_pond, layout_basic, hangedman_decor_slide_cut,
          lemuel_flame_loot_1
D:2:      layout_rooms
D:3:      layout_basic, serial_shops, shop, basic_ecumenical_altar,
          gammafunk_ghost_arena, uniq_jessica
D:4:      layout_basic

Skill      XL: |  1  2  3  4  5 |
---------------+----------------+-----
Throwing       | 2 |  2.1
Fighting       | 3 4 |  4.6
Stealth        | 4 |  4.7
Short Blades   | 2 |  2.0
Long Blades    | 1 |  1.7
Dodging        | |  0.8

Action                   |  1- 3 |  4- 6 || total
-------------------------+-------+-------++-------
Melee: Dagger            |   144 |    16 ||   160
       Punch             |     2 |     1 ||     3
       Long sword        |       |    34 ||    34
 Fire: Hunting sling     |     4 |    20 ||    24
Throw: Dart              |    12 |     6 ||    18
  Use: Scroll            |       |     8 ||     8
 Stab: Sleeping          |     8 |     7 ||    15
       Distracted        |     1 |     1 ||     2
Armor: Robe              |    12 |     3 ||    15
       Ring mail         |    11 |     5 ||    16
Dodge: Dodged            |    36 |    15 ||    51
Block: Other             |    22 |     9 ||    31

Table legend: (Time is in decaauts)
 A = Elapsed time spent in this place.
 B = Non-inter-level travel time spent in this place.
 C = Inter-level travel time spent in this place.
 D = Time resting spent in this place.
 E = Time spent auto-exploring this place.
 F = Levels seen in this place.
 G = Mean time per level.
                   A        B        C        D        E       F      G
               +--------+--------+--------+--------+--------+-----+--------+
         Total |   4484 |   4424 |     60 |   1600 |   2100 |   4 | 1121.0 |
       Dungeon |   4484 |   4424 |     60 |   1600 |   2100 |   4 | 1121.0 |
               +--------+--------+--------+--------+--------+-----+--------+

Top non-repeatable levels by time:
     D:1: 1337 daAuts
     D:2: 1173 daAuts
     D:3: 997 daAuts
     D:4: 975 daAuts
